 Dungeon Crawl Stone Soup version 0.18-a0-844-g9229740 (webtiles) character file.

5726 Crishpax the Thaumaturge (level 10, -5/50 HPs)
             Began as a Deep Elf Wizard on Dec 18, 2015.
             Was a Follower of Vehumet.
             Slain by a hill giant
             ... wielding a +0 giant club
              (14 damage)
             ... on level 10 of the Dungeon.
             The game lasted 00:35:52 (13549 turns).

Crishpax the Thaumaturge (Deep Elf Wizard)         Turns: 13549, Time: 00:35:53

Health: -5/50      AC:  9    Str:  7    XL:     10   Next: 48%
Magic:  3/30       EV: 12    Int: 31    God:    Vehumet [*.....]
Gold:   528        SH:  0    Dex: 13    Spells: 5 memorised, 27 levels left

rFire  . . .     SeeInvis .     Q - +1 war axe "Kuthutaf" {pain, rC- Str+3 Int+4}
rCold  x . .     Gourm    .     a - +0 robe
rNeg   . . .     Faith    .     (no shield)
rPois  .         Spirit   .     b - +2 hat
rElec  .         Dismiss  .     p - +0 cloak
rCorr  .         Reflect  .     E - +0 pair of gloves
SustAt .         Harm     .     T - +2 pair of boots
MR     +....                    (no amulet)
Stlth  ++........               (no ring)
                                (no ring)

@: repel missiles, somewhat resistant to hostile enchantments, unstealthy
A: no striking features
a: Renounce Religion


You were on level 10 of the Dungeon.
You worshipped Vehumet.
Vehumet was aware of your devotion.
You were not hungry.

You visited 3 branches of the dungeon, and saw 12 of its levels.
You also visited: Ossuary.

You collected 528 gold pieces.

Inventory:

Hand Weapons
 y - a +4 dagger
 Q - the +1 war axe "Kuthutaf" (weapon) {pain, rC- Str+3 Int+4}
   (You found it on level 6 of the Dungeon)

   In the hands of one skilled in necromantic magic, it inflicts extra damage on
   living creatures.
   It affects your strength (+3).
   It affects your intelligence (+4).
   It makes you vulnerable to cold.
 Y - a +1 spear of protection
Armour
 a - a +0 robe (worn)
 b - a +2 hat (worn)
 p - a +0 cloak (worn)
 E - a +0 pair of gloves (worn)
 T - a +2 pair of boots (worn)
Wands
 A - a wand of digging (24)
 O - a wand of disintegration (1)
Scrolls
 e - 3 scrolls of identify
 g - a scroll of enchant weapon
 m - 3 scrolls of amnesia
 n - 3 scrolls of teleportation
 o - a scroll of recharging
 u - 4 scrolls of remove curse
 J - a scroll of blinking
Potions
 f - a potion of agility
 h - a potion of cancellation
 l - 2 potions of curing
 q - a potion of magic
 r - 2 potions of heal wounds
 s - 2 potions of flight
 w - 4 potions of might
 z - a potion of haste
 F - a potion of cure mutation
 G - 2 potions of brilliance
 I - a potion of berserk rage
 L - a potion of invisibility
Books
 c - a book of Minor Magic

   Spells                             Type                      Level
   a - Magic Dart                     Conjuration                  1
   b - Blink                          Translocation                2
   c - Call Imp                       Summoning                    2
   d - Repel Missiles                 Charms/Air                   2
   e - Slow                           Hexes                        2
   f - Conjure Flame                  Conjuration/Fire             3
   g - Mephitic Cloud                 Conjuration/Poison/Air       3
 t - a book of Dreams

   Spells                             Type                      Level
   a - Ensorcelled Hibernation        Hexes/Ice                    2
   b - Phase Shift                    Translocation                5
   c - Shadow Creatures               Summoning                    5
   d - Silence                        Hexes/Air                    5
   e - Darkness                       Hexes                        6
   f - Mass Confusion                 Hexes                        6
 V - a book of Enchantments

   Spells                             Type                      Level
   a - Cause Fear                     Hexes                        4
   b - Yara's Violent Unravelling     Hexes/Transmutation          5
   c - Silence                        Hexes/Air                    5
   d - Deflect Missiles               Charms/Air                   6
   e - Haste                          Charms                       6
   f - Discord                        Hexes                        8
Comestibles
 d - 7 bread rations
 i - 4 fruits
 B - 5 meat rations
 D - a royal jelly
 N - 5 slices of pizza


   Skills:
 - Level 2.4 Dodging
 - Level 2.4 Stealth
 + Level 14.5 Spellcasting
 + Level 11.9 Conjurations
   Level 1.1 Summonings
 - Level 1.1 Translocations


You had 27 spell levels left.
You knew the following spells:

 Your Spells              Type           Power        Failure   Level  Hunger
a - Magic Dart            Conj           ####         0%          1    None
b - Blink                 Tloc           N/A          1%          2    None
c - Conjure Flame         Conj/Fire      ######..     1%          3    None
d - Mephitic Cloud        Conj/Pois/Air  #####...     1%          3    None
e - Repel Missiles        Chrm/Air       ###...       3%          2    None


Dungeon Overview and Level Annotations

Branches:
Dungeon (10/15)            Temple (1/1) D:4            Lair (1/8) D:10
    Orc (0/2) D:10

Altars:
Ashenzari
Cheibriados
Dithmenos
Elyvilon
Fedhas
Gozag
Kikubaaqudgha
Makhleb
Nemelex Xobeh
Okawaru
Pakellas
Qazlal
Ru
Sif Muna
Trog
Vehumet
Xom
Yredelemnul
Zin
The Shining One

Annotations:
D:3 conein's ghost, amateur MiFi
D:7 exclusion: oklob plant


Message History

The magic dart hits the hill giant.
The hill giant is lightly wounded.
The hill giant is engulfed in noxious fumes.
The hill giant appears confused.
You slash the hill giant!
The hill giant is moderately wounded.
The hill giant is engulfed in roaring flames.
The hill giant closely misses you.
You hit the hill giant.
The hill giant is heavily wounded.
The hill giant is engulfed in roaring flames.
The hill giant asks, "What the hell are we doing here?
Hmm, I see..."
The hill giant hits you with a giant club!
You strike the helpless hill giant from behind!
You hit the hill giant.
The hill giant is almost dead.
The hill giant hits you with a giant club!
* * * LOW HITPOINT WARNING * * *
The hill giant hits you with a giant club!
You die...

..............##.#...#
...
..#######.....##.#...#
...
.#.......#.......#..## ..
...#...#....############
#
..##.PP##...............
#..YPPP...#.............
#..PP>PP..#.............
#..PP.P...#.####+########
..##P..##....§§C@........
...#...#.....####......#
.#.......#...####......#
..#######...........(..##
#######..................
.##...########+##......#+
.'....# #......# .#....#
#......# .#....# #......#


You could see a hill giant (confused).

Vanquished Creatures
  The ghost of 4thArraOfDagon the Fighter, a novice HOAr of Pakellas (D:10)
  A deep elf mage (D:9)
  6 yaks
  3 wolves (D:10)
  A hungry ghost (D:9)
  3 hippogriffs
  A phantom (D:5)
  2 orc warriors
  A black bear (D:9)
  4 ogres
  A centaur (D:7)
  A crocodile (D:10)
  9 giant frogs
  A gnoll sergeant (D:8)
  A wyvern zombie (D:7)
  2 scorpions
  5 wights
  2 crimson imps
  2 giant frog zombies
  7 orc wizards
  A centaur zombie (D:5)
  4 hounds
  A quasit (D:9)
  7 jellies
  3 centaur skeletons
  3 orc priests
  An iguana (D:8)
  A statue (D:9)
  4 worker ants
  2 killer bee zombies
  A hound zombie (D:7)
  10 gnolls
  A worker ant zombie (D:5)
  13 adders
  A shadow imp (D:9)
  19 oozes
  3 adder zombies
  A worm (D:9)
  20 orcs
  A ball python (D:8)
  5 bats
  8 giant cockroaches
  5 goblins
  14 hobgoblins
  12 jackals
  A quokka (D:6)
  A ball python skeleton (Ossuary)
  8 giant geckos
  3 giant newts (D:1)
  A goblin zombie (D:5)
  3 hobgoblin zombies (Ossuary)
  5 kobolds
  2 kobold zombies (Ossuary)
  A quokka zombie (D:5)
  4 rats
  2 plants (D:10)
226 creatures vanquished.

Vanquished Creatures (others)
  An ogre (D:4)
  6 fungi
  2 plants (D:10)
9 creatures vanquished.

Grand Total: 235 creatures vanquished

Notes
Turn   | Place    | Note
--------------------------------------------------------------
     0 | D:1      | Crishpax the Deep Elf Wizard began the quest for the Orb.
     0 | D:1      | Reached XP level 1. HP: 10/10 MP: 7/7
     6 | D:1      | Noticed a crocodile
     6 | D:1      | Noticed a polar bear
     6 | D:1      | Noticed a swamp drake
     7 | D:1      | Noticed a salamander
     7 | D:1      | Noticed a wolf
    85 | D:1      | Reached XP level 2. HP: 3/15 MP: 0/9
   447 | D:1      | Reached skill level 5 in Spellcasting
  1064 | D:1      | Reached XP level 3. HP: 13/19 MP: 6/11
  1258 | D:1      | Learned a level 2 spell: Blink
  1262 | D:1      | Learned a level 3 spell: Conjure Flame
  1266 | D:1      | Learned a level 3 spell: Mephitic Cloud
  1269 | D:1      | Learned a level 2 spell: Repel Missiles
  1724 | D:2      | Reached XP level 4. HP: 24/24 MP: 9/13
  1887 | D:2      | Reached skill level 6 in Spellcasting
  2482 | D:2      | Reached XP level 5. HP: 28/28 MP: 8/15
  2766 | D:3      | Found a stormy altar of Qazlal.
  2770 | D:3      | Found a blossoming altar of Fedhas.
  2773 | D:3      | Noticed conein's ghost (amateur MiFi)
  4210 | D:4      | Found a staircase to the Ecumenical Temple.
  4214 | D:4      | Noticed an ogre
  4234 | D:4      | Killed an ogre
  4234 | D:4      | Reached skill level 7 in Spellcasting
  4385 | D:4      | Reached XP level 6. HP: 25/32 MP: 0/18
  4406 | Temple   | Entered the Ecumenical Temple
  4767 | D:4      | Found a shimmering altar of Xom.
  4767 | D:4      | Found a shimmering altar of Xom.
  4768 | D:4      | Found a shimmering altar of Xom.
  4768 | D:4      | Found a shimmering altar of Xom.
  4769 | D:4      | Found a shimmering altar of Xom.
  4769 | D:4      | Found a shimmering altar of Xom.
  5053 | D:4      | Reached skill level 5 in Conjurations
  5156 | D:5      | Entered Level 5 of the Dungeon
  5258 | D:5      | Found a sand-covered staircase.
  5267 | Ossuary  | Entered an ossuary
  5491 | Ossuary  | Noticed a wraith
  5491 | Ossuary  | Noticed a flying skull
  5498 | Ossuary  | Noticed a flying skull
  5502 | Ossuary  | Noticed a flying skull
  5524 | Ossuary  | Noticed a flying skull
  5650 | Ossuary  | Noticed a flying skull
  5656 | Ossuary  | Noticed a wraith
  5851 | D:5      | Reached skill level 8 in Spellcasting
  6081 | D:5      | Found a shadowy altar of Dithmenos.
  6095 | D:5      | Reached XP level 7. HP: 10/36 MP: 7/20
  6419 | D:5      | Found an oddly glowing altar of Pakellas.
  6712 | D:6      | Found a burning altar of Makhleb.
  6754 | D:6      | Reached skill level 9 in Spellcasting
  7069 | D:6      | Got a steaming war axe
  7070 | D:6      | Identified the +1 war axe "Kuthutaf" {pain, rC- Str+3 Int+4} (You found it on level 6 of the Dungeon)
  7359 | D:6      | Reached XP level 8. HP: 41/41 MP: 12/23
  7722 | D:7      | Reached skill level 10 in Spellcasting
  8220 | D:7      | Found a basalt altar of Yredelemnul.
  8268 | D:7      | Noticed an oklob plant
  8283 | D:7      | Found an iron altar of Okawaru.
  8307 | D:7      | Reached skill level 11 in Spellcasting
  8993 | D:7      | Reached XP level 9. HP: 35/45 MP: 20/26
  9428 | D:8      | Found a shattered altar of Ashenzari.
  9828 | D:8      | Reached skill level 12 in Spellcasting
  9946 | D:8      | Found a deep blue altar of Sif Muna.
  9946 | D:8      | Found a sacrificial altar of Ru.
 10740 | D:9      | Found a radiant altar of Vehumet.
 10789 | D:9      | Became a worshipper of Vehumet
 10849 | D:9      | Reached skill level 10 in Conjurations
 11021 | D:9      | Noticed a deep elf mage
 11042 | D:9      | Killed a deep elf mage
 11042 | D:9      | Reached skill level 13 in Spellcasting
 11703 | D:9      | Found a snail-covered altar of Cheibriados.
 11728 | D:9      | Reached * piety under Vehumet
 11728 | D:9      | Offered knowledge of Flame Tongue by Vehumet.
 11882 | D:9      | Reached XP level 10. HP: 50/50 MP: 16/29
 12014 | D:9      | Found a basalt altar of Yredelemnul.
 12985 | D:10     | Entered Level 10 of the Dungeon
 12985 | D:10     | Found a staircase to the Orcish Mines.
 13025 | D:10     | Found a staircase to the Lair.
 13092 | D:10     | Noticed 4thArraOfDagon's ghost (novice HOAr)
 13153 | Lair:1   | Entered Level 1 of the Lair of Beasts
 13265 | D:10     | Reached skill level 14 in Spellcasting
 13508 | D:10     | Noticed a hill giant
 13544 | D:10     | Killed 4thArraOfDagon's ghost
 13549 | D:10     | Slain by a hill giant

Vault maps used:
D:1:      onia_arrival_zoo_common
D:3:      grunt_temple_overflow_forces_of_nature, first_bread, serial_aquarium,
          aquarium_bridge_square, aquarium_window_fake, aquarium_window_fake,
          aquarium_view_2c, aquarium_view_2f, aquarium_balcony_3b,
          aquarium_pool_2
D:4:      xom_redecorated, minmay_temple_entry_large_hall
D:5:      grunt_dithmenos_shadows, enter_ossuary_4, johnstein_pakellas_dig
D:6:      bloody_makhleb
D:7:      lemuel_slime, okawaru_metal_pillars_3, basic_altar
D:8:      nicolae_overflow_crystal_walls, amethyst_overflow_temple_binary,
          serial_glass, glass_columns_c, glass_columns_a
D:9:      vehumet_statue, slow_altar_1, yredelemnul_altar_generic
D:10:     dpeg_oklobed_lair, serial_glass, glass_columns_a, glass_columns_b,
          blue_anna_alchemist, nemelex_diamond_rough_becter, uniq_nergalle,
          uniq_psyche
Temple:   minmay_temple_curvy_8
Lair:1:   beast_lair_carwin_8, infiniplex_staircase_pool
Ossuary:  ossuary_due_cavern

Action                   |  1- 3 |  4- 6 |  7- 9 | 10-12 || total
-------------------------+-------+-------+-------+-------++-------
Melee: Unarmed           |       |     3 |       |       ||     3
       Dagger            |       |       |     5 |       ||     5
       War axe           |       |       |    24 |    43 ||    67
       Spear             |       |       |       |    13 ||    13
 Cast: Magic Dart        |    82 |   226 |   352 |   138 ||   798
       Repel Missiles    |     1 |     1 |     3 |       ||     5
       Mephitic Cloud    |       |     8 |    43 |    14 ||    65
       Conjure Flame     |       |    10 |    23 |     8 ||    41
       Blink             |       |     2 |     9 |     6 ||    17
  Use: Potion            |       |       |     1 |     1 ||     2
       Scroll            |       |       |       |    30 ||    30
 Stab: Confused          |       |     1 |     4 |     3 ||     8
  Eat: Chunk             |     2 |    13 |    17 |     2 ||    34
       Fruit             |       |     1 |       |       ||     1
       Beef jerky        |       |       |       |     2 ||     2
